 Dungeon Crawl Stone Soup version 0.28.0-62-gf88900778d (webtiles) character file.

Game seed: 17478313029639763130

1459 cbfl8 the Cleaver (level 8, -4/68 HPs)
             Began as a Hill Orc Fighter on May 26, 2023.
             Was a Follower of Beogh.
             Slain by a two-headed ogre
             ... wielding a +0 giant club
              (8 damage)
             ... on level 6 of the Dungeon.
             The game lasted 00:05:59 (5315 turns).

cbfl8 the Cleaver (Hill Orc Fighter)                Turns: 5315, Time: 00:06:00

Health: -4/68      AC: 11    Str: 21    XL:     8   Next: 76%
Magic:  8/8        EV: 10    Int: 14    God:    Beogh [*.....]
Gold:   315        SH: 14    Dex: 10    Spells: 7/7 levels left

rFire   . . .      SeeInvis .   a - +0 war axe
rCold   . . .      Faith    .   m - +0 kite shield
rNeg    . . .      Spirit   .   q - +0 chain mail
rPois   .          Reflect  +   (no helmet)
rElec   .          Harm     .   (no cloak)
rCorr   .          Rampage  .   o - +0 pair of gloves
Will    .....                   (no boots)
Stlth   ..........              e - amulet of reflection
HPRegen 0.21/turn               k - +4 ring of evasion
MPRegen 0.11/turn               n - ring of the Resonant Banana {Int+6 Slay+5 Stlth-}

@: no status effects
A: no striking features
a: Renounce Religion


You were on level 6 of the Dungeon.
You worshipped Beogh.
Beogh was aware of your devotion.
You visited 1 branch of the dungeon, and saw 6 of its levels.

You collected 315 gold pieces.

Inventory:

Hand Weapons
 a - a +0 war axe (weapon)
Missiles
 v - 2 throwing nets
Armour
 m - a +0 kite shield (worn)
 o - a +0 pair of gloves (worn)
 q - a +0 chain mail (worn)
Jewellery
 e - an amulet of reflection (around neck)
 k - a +4 ring of evasion (left hand)
 n - the ring of the Resonant Banana (right hand) {Int+6 Slay+5 Stlth-}
   (You found it on level 4 of the Dungeon)

   [ring of intelligence]

   Int:       It affects your intelligence (+6).
   Slay:      It affects your accuracy & damage with ranged weapons and melee
   (+5).
   Stlth:     It makes you less stealthy.
Wands
 r - a wand of polymorph (7) (quivered)
Scrolls
 b - a scroll of immolation
 d - a scroll of identify
 h - 2 scrolls of magic mapping
 j - a scroll of enchant armour {unknown}
 l - a scroll of summoning {unknown}
 s - a scroll of teleportation {unknown}
 u - a scroll of vulnerability {unknown}
Potions
 c - a potion of brilliance {unknown}
 f - a potion of invisibility {unknown}
 i - 3 potions of lignification


   Skills:
 + Level 5.3 Fighting
 + Level 8.4 Axes
 + Level 5.2 Armour
 + Level 1.0 Dodging
 + Level 0.1 Stealth
 + Level 5.9 Shields
 * Level 4.8 Evocations


You had 7 spell levels left.
You didn't know any spells.
Your spell library contained the following spells:

 Spells                   Type           Power      Damage    Failure   Level
 Freeze                   Ice            0%         1d3       100%        1
 Frozen Ramparts          Ice            0%         1d2       100%        3
 Hailstorm                Conj/Ice       0%         3d3       100%        4
 Ice Form                 Ice/Tmut       0%         N/A       100%        4
 Summon Ice Beast         Ice/Summ       0%         N/A       100%        4
 Blade Hands              Tmut           0%         N/A       100%        5
 Irradiate                Conj/Tmut      0%         3d13      100%        5
 Dragon Form              Tmut           0%         N/A       100%        7


Dungeon Overview and Level Annotations

Branches:
Dungeon (6/15)
 Temple: D:4-7

Altars:
Nemelex Xobeh
Uskayaw

Shops:
D:5 =

Annotations:
D:4 4 runed translucent doors


Message History

You open the door.
There is an open door here.
Found a stone staircase leading down.
The two-headed ogre shouts in stereo!
You barely miss the two-headed ogre.
The two-headed ogre hits you with a +0 giant club!!
You block the two-headed ogre's attack.
You hit the two-headed ogre.
The two-headed ogre is lightly wounded.
You block the two-headed ogre's attack. x2
You hit the two-headed ogre.
The two-headed ogre is lightly wounded.
The two-headed ogre hits you with a +0 giant club.
The two-headed ogre hits you but does no damage.
You feel much better. You block the two-headed ogre's attack.
The two-headed ogre hits you with a +0 giant club!
You hit the two-headed ogre.
The two-headed ogre is lightly wounded.
The two-headed ogre hits you with a +0 giant club! x2
* * * LOW HITPOINT WARNING * * *
As you read the scroll labelled EGUNIAM GUQAUTE, it crumbles to dust.
It is a scroll of identify.
h - 2 scrolls of magic mapping
As you read the scroll labelled IKIELO JAGRUI, it crumbles to dust.
The creatures around you are filled with an inner flame!
It was a scroll of immolation.
You block the two-headed ogre's attack.
The two-headed ogre hits you with a +0 giant club!
* * * LOW HITPOINT WARNING * * *
Aiming: Polymorph
Press: ? - help, Q - select action, (/) - cycle Shift-Dir - straight line, f - two-headed ogre
Aim: a two-headed ogre, wielding two +0 giant clubs (lightly wounded, inner flame, will become a wind drake, a death drake, or a cyclops, chance to affect: 43%)
The two-headed ogre resists with some effort.
You block the two-headed ogre's attack. x2
Aiming: Polymorph
Press: ? - help, Q - select action, (/) - cycle Shift-Dir - straight line, f/p - two-headed ogre
Aim: a two-headed ogre, wielding two +0 giant clubs (lightly wounded, inner flame, will become a wind drake, a death drake, or a cyclops, chance to affect: 43%)
The two-headed ogre resists with some effort.
You block the two-headed ogre's attack.
The two-headed ogre hits you with a +0 giant club!
You die...

#...........#.....##
#...##..##..#....##.
##..##..######...##.
#..##..##..####+##.
##..........#....#..
#...........'....#..
#...##..##..##...##.
##..##).######...##.
##.@##......#....##.
#..O#....<..#.....>.
#...#.......#.......
##..##..###.###..##.
##..##..#######..##.
#...[))...+......#..
#.........#......+..
#...##...###'##..##.
#...##...##..##'###.


You could see a two-headed ogre (inner flame).

Vanquished Creatures
  A hornet (D:4)
  An orc warrior (D:6)
  A phantom (D:4)
  2 bullfrogs
  A water moccasin zombie (D:5)
  2 water moccasin skeletons
  A centaur zombie (D:6)
  4 hounds
  A jelly (D:5)
  An orc priest (D:6)
  2 bullfrog skeletons (D:5)
  6 iguanas
  A gnoll shaman (D:6)
  3 orc wizards
  A hound skeleton (D:5)
  6 adders
  9 gnolls
  A shadow imp (D:5)
  4 ufetubi
  A dart slug (D:2)
  8 orcs
  11 bats
  6 endoplasms
  2 giant cockroaches
  7 goblins
  5 hobgoblins
  14 jackals
  3 quokkas
  6 ball pythons
  2 frilled lizards
  10 kobolds
  2 rats (D:1)
125 creatures vanquished.

Notes
Turn   | Place    | Note
-------+----------+-------------------------------------------
     0 | D:1      | cbfl8 the Hill Orc Fighter began the quest for the Orb.
     0 | D:1      | Reached XP level 1. HP: 19/19 MP: 1/1
   122 | D:1      | Found a faded altar of an unknown god.
   257 | D:1      | Reached XP level 2. HP: 27/27 MP: 2/2
   541 | D:1      | Reached skill level 3 in Axes
   795 | D:2      | Reached XP level 3. HP: 32/33 MP: 3/3
  1008 | D:2      | Reached skill level 1 in Evocations
  1552 | D:3      | Reached XP level 4. HP: 11/40 MP: 4/4
  2202 | D:3      | You fall into a shaft and drop 2 floors!
  2202 | D:5      | Entered Level 5 of the Dungeon
  2202 | D:5      | Noticed a bullfrog
  2207 | D:5      | Killed a bullfrog
  2208 | D:5      | Reached skill level 4 in Axes
  2208 | D:5      | Reached XP level 5. HP: 39/46 MP: 5/5
  2236 | D:4      | Reached skill level 5 in Axes
  2356 | D:4      | Noticed a phantom
  2568 | D:3      | Found a sparkling altar of Nemelex Xobeh.
  2603 | D:3      | Reached XP level 6. HP: 52/52 MP: 6/6
  3017 | D:4      | Found a hide-covered altar of Uskayaw.
  3105 | D:4      | Became a worshipper of Beogh the Brigand
  3193 | D:4      | Found a large runed translucent door.
  3193 | D:4      | Found a large runed translucent door.
  3259 | D:4      | Found a large runed translucent door.
  3259 | D:4      | Noticed a steam dragon
  3260 | D:4      | Found a large runed translucent door.
  3267 | D:4      | Reached XP level 7. HP: 60/60 MP: 7/7
  3330 | D:4      | Noticed a hornet
  3342 | D:4      | Reached skill level 6 in Axes
  3342 | D:4      | Reached skill level 1 in Dodging
  3353 | D:4      | Killed a hornet
  3732 | D:4      | Identified the ring of the Resonant Banana {Int+6 Slay+5
                  | Stlth-}
  4033 | D:5      | Found Jorrido's Jewellery Shoppe.
  4044 | D:5      | Reached skill level 7 in Axes
  4050 | D:5      | Reached XP level 8. HP: 67/67 MP: 8/8
  4218 | D:5      | Reached skill level 5 in Fighting
  4366 | D:5      | Reached skill level 5 in Shields
  4646 | D:6      | Reached * piety under Beogh
  4647 | D:6      | Reached skill level 8 in Axes
  4835 | D:6      | Reached skill level 5 in Armour
  4909 | D:6      | Noticed a two-headed ogre
  5311 | D:6      | HP: 3/68 [two-headed ogre/+0 giant club (14)]
  5315 | D:6      | Slain by a two-headed ogre

Illustrated notes

Levels and vault maps discovered:
D:1:      matt_arrival_los_fun, layout_basic,
          shapermc_ecumenical_altar_notcrosses
D:2:      layout_loops_ring
D:3:      layout_loops_ring, nemelex_dance_club_becter
D:4:      layout_gridville, mainiacjoe_overflow_six_doors_small,
          minmay_hollow_rounded_squares
D:5:      layout_rooms, serial_shops, nicolae_shop_stone
D:6:      layout_gridville, gammafunk_temple_overflow_statue, uniq_maggie

Skill      XL: |  1  2  3  4  5  6  7  8 |
---------------+-------------------------+-----
Axes           | 3 4 5 7 8 |  8.4
Evocations     | 1 2 3 4 |  4.8
Fighting       | 4 5 |  5.3
Armour         | 4 5 |  5.2
Shields        | 4 5 |  5.9
Dodging        | 1 |  1.0
Stealth        | |  0.1

Action                   |  1- 3 |  4- 6 |  7- 9 || total
-------------------------+-------+-------+-------++-------
Melee: War axe           |   158 |   112 |   148 ||   418
Invok: Convert to Beogh  |       |     1 |       ||     1
Evoke: Wand              |       |       |     7 ||     7
  Use: Potion            |       |     1 |     3 ||     4
       Scroll            |       |       |     2 ||     2
Armor: Scale mail        |    65 |    38 |    11 ||   114
       Skin              |       |       |     4 ||     4
       Chain mail        |       |       |    34 ||    34
Dodge: Dodged            |    72 |    58 |    60 ||   190
Block: Buckler           |    85 |    13 |       ||    98
       Kite shield       |       |    75 |   143 ||   218
       Reflection        |       |     3 |     1 ||     4
